 Dungeon Crawl Stone Soup version 0.30-a0-39-g42789b21ef (webtiles) character file.

Game seed: 5521959564504728006

969 ytrimaz the Changer (level 8, -1/57 HPs)
             Began as an Octopode Transmuter on Aug 29, 2022.
             Was an Initiate of Ashenzari.
             Slain by a hobgoblin zombie (3 damage)
             ... in an ossuary.
             The game lasted 00:06:53 (5071 turns).

ytrimaz the Changer (Octopode Transmuter)           Turns: 5071, Time: 00:06:53

Health: -1/57      AC:  7    Str:  9    XL:     8   Next: 16%
Magic:  15/15      EV: 10    Int: 23    God:    Ashenzari [......]
Gold:   235        SH:  0    Dex: 13    Spells: 6/16 levels left

rFire   x . .      SeeInvis .      - Unarmed
rCold   + + +      Faith    .    (shield currently unavailable)
rNeg    + . .      Spirit   .    (helmet currently unavailable)
rPois   +          Reflect  .    h - amulet of magic regeneration
rElec   .          Harm     .    f - +6 ring of intelligence
rCorr   .          Rampage  .    n - ring of positive energy
Will    .....                    (no ring)
Stlth   +.........               (no ring)
HPRegen 0.19/turn                (no ring)
MPRegen 0.54/turn                (no ring)
                                 (no ring)
                                 (no ring)

@: ice-form, attractive, hasted, very quick
A: freezing attack, boosted hp, almost no armour, amphibious, 8 rings, large,
(camouflage 1), (gelatinous body 1), (nimble swimmer 1), (tentacles)
a: End Transformation, Renounce Religion


You were in an ossuary.
You worshipped Ashenzari.
Ashenzari was noncommittal.
You were a creature of crystalline ice.
You visited 2 branches of the dungeon, and saw 7 of its levels.
You also visited: Ossuary.

You collected 235 gold pieces.

Inventory:

Jewellery
 a - an amulet of reflection
 f - a +6 ring of intelligence (left front paw)
 h - an amulet of magic regeneration (around neck)
 m - an amulet of the acrobat
 n - a ring of positive energy (right front paw)
Wands
 p - a wand of light (10)
 r - a wand of flame (38)
Scrolls
 c - 3 scrolls of amnesia
 g - a scroll of fear
 o - 4 scrolls of teleportation
Potions
 b - 4 potions of curing
 d - a potion of haste
 i - a potion of resistance {unknown}
 j - a potion of mutation {unknown}
 k - a potion of brilliance {unknown}
 l - a potion of invisibility {unknown}
 q - 2 potions of heal wounds {unknown}


   Skills:
 - Level 1.0 Fighting
 - Level 2.0 Dodging
 - Level 4.2 Unarmed Combat
 + Level 4.8 Spellcasting
 + Level 5.2 Transmutations
 * Level 3.3 Ice Magic
 - Level 4.0 Poison Magic


You had 6 spell levels left.
You knew the following spells:

 Your Spells              Type           Power      Damage    Failure   Level
a - Beastly Appendage     Tmut           58%        N/A       1%          1
b - Wereblood             Tmut           29%        N/A       1%          2
c - Spider Form           Tmut/Pois      26%        N/A       4%          3
d - Ice Form              Ice/Tmut       25%        N/A       16%         4

Your spell library contained the following spells:

 Spells                   Type           Power      Damage    Failure   Level
 Ignite Poison            Fire/Tmut/Pois 19%        N/A       9%          3
 Summon Small Mammal      Summ           20%        N/A       10%         1
 Call Canine Familiar     Summ           5%         N/A       28%         3
 Conjure Flame            Conj/Fire      5%         6-21      28%         3
 Summon Guardian Golem    Hex/Summ       5%         N/A       28%         3
 Tukima's Dance           Hex            5%         N/A       28%         3
 Hailstorm                Conj/Ice       13%        3d5       43%         4
 Animate Dead             Necr           5%         N/A       67%         4
 Passage of Golubria      Tloc           5%         N/A       67%         4
 Sticky Flame             Conj/Fire      5%         2d3       67%         4
 Yara's Violent Unravell  Hex/Tmut       8%         3d5       67%         5
 Borgnjor's Vile Clutch   Necr/Erth      2%         N/A       95%         5
 Death Channel            Necr           2%         N/A       100%        6
 Simulacrum               Ice/Necr       6%         N/A       100%        6


Dungeon Overview and Level Annotations

Branches:
Dungeon (6/15)             Temple (1/1) D:5         Ossuary (1/1)

Altars:
Ashenzari
Fedhas
Gozag
Hepliaklqana
Kikubaaqudgha
Makhleb
Nemelex Xobeh
Okawaru
Qazlal
Trog
Uskayaw
Vehumet
Xom
Zin


Innate Abilities, Weirdness & Mutations

You are a creature of crystalline ice.
You have a powerful freezing melee attack.
Your maximum health is increased.
Your armour is entirely melded.
You are incapable of wielding weapons or throwing items.
You cannot wear most types of armour.
You are amphibious.
You can wear up to eight rings at the same time.
((Your skin changes colour to match your surroundings (Stealth+).))
((Your rubbery body absorbs attacks. (AC +1, EV +1)))
((You are camouflaged when in or above water. (Stealth+)))
((You have tentacles for arms and can constrict up to eight enemies at once.))


Message History

The mummy is almost destroyed.
You howl as the wereblood boils in your veins!
The hobgoblin zombie hits you but does no damage.
The hobgoblin zombie hits you.
* * * LOW HITPOINT WARNING * * *
The mummy barely misses you.
You feel better. The hobgoblin zombie misses you. The mummy misses you.
You feel yourself speed up.
You howl as the wereblood boils in your veins!
The mummy hits you.
The hobgoblin zombie closely misses you.
Unknown command.
You punch the mummy!
You feel a bit better.
You destroy the mummy!
Your primal bloodlust has ended.
You completely miss the mummy.
The hobgoblin zombie hits you but does no damage.
The mummy hits you!
* * * LOW HITPOINT WARNING * * *
Unknown command.
You hit the mummy. You freeze the mummy.
The mummy is moderately damaged.
The mummy misses you.
Unknown command.
You punch the mummy! You freeze the mummy.
The mummy is almost destroyed.
The hobgoblin zombie hits you.
* * * LOW HITPOINT WARNING * * *
The hobgoblin zombie misses you.
You hit the mummy but do no damage.
The mummy is almost destroyed.
The mummy hits you!
* * * LOW HITPOINT WARNING * * *
Unknown command.
It was a potion of attraction.
You feel attractive to monsters. The mummy barely misses you.
The hobgoblin zombie hits you.
* * * LOW HITPOINT WARNING * * *
The hobgoblin zombie hits you.
You die...

..............
.............
...........
........#
......# #....#
#....# #ZMM.#
#.YZ.# #....#
#....# #....#
#....# #.∩∩.#
######


You could see 2 mummies and 2 hobgoblin zombies.

Vanquished Creatures
  2 black bears
  An orc warrior (D:4)
  An ogre (D:5)
  A necrophage (D:4)
  A jelly (D:5)
  6 orc priests
  A hound (D:5)
  An iguana (D:5)
  4 orc wizards
  3 mummies (Ossuary)
  6 adders
  An ufetubus (D:5)
  A worm (D:3)
  4 dart slugs
  19 orcs
  5 ball pythons
  3 endoplasms
  3 giant cockroaches
  5 goblins
  3 hobgoblins
  3 kobolds
  A quokka (D:2)
  5 bats
  2 frilled lizards
  2 gnoll zombies (Ossuary)
  A hobgoblin zombie (Ossuary)
  A kobold zombie (Ossuary)
  2 orc zombies (Ossuary)
  6 rats
94 creatures vanquished.

Vanquished Creatures (others)
  4 toadstools (D:1)
4 creatures vanquished.

Grand Total: 98 creatures vanquished

Notes
Turn   | Place    | Note
-------+----------+-------------------------------------------
     0 | D:1      | ytrimaz the Octopode Transmuter began the quest for the
                  | Orb.
     0 | D:1      | Reached XP level 1. HP: 13/13 MP: 3/3
   191 | D:1      | Reached XP level 2. HP: 14/18 MP: 3/5
   286 | D:1      | Found a faded altar of an unknown god.
   417 | D:1      | Learned a level 2 spell: Wereblood
   797 | D:2      | Reached XP level 3. HP: 21/23 MP: 4/6
  1207 | D:2      | Learned a level 3 spell: Spider Form
  1259 | D:3      | Reached skill level 1 in Poison Magic
  1259 | D:3      | Reached XP level 4. HP: 17/28 MP: 7/7
  1951 | D:3      | Reached XP level 5. HP: 33/33 MP: 6/8
  2140 | D:3      | Found a shimmering altar of Xom.
  2560 | D:4      | Found a hazy altar of Hepliaklqana.
  2807 | D:4      | Reached skill level 3 in Transmutations
  2807 | D:4      | Reached XP level 6. HP: 18/38 MP: 10/10
  3517 | D:4      | Noticed an orc warrior
  3529 | D:4      | Killed an orc warrior
  3564 | D:4      | Found a glowing silver altar of Zin.
  3806 | D:5      | Entered Level 5 of the Dungeon
  3806 | D:5      | Found a blossoming altar of Fedhas.
  3902 | D:5      | Reached skill level 4 in Transmutations
  3902 | D:5      | Reached XP level 7. HP: 43/43 MP: 12/12
  3981 | D:5      | Learned a level 4 spell: Ice Form
  4203 | D:5      | Found a staircase to the Ecumenical Temple.
  4267 | D:5      | Reached skill level 1 in Ice Magic
  4689 | D:5      | Reached skill level 5 in Transmutations
  4765 | D:5      | Found a stormy altar of Qazlal.
  4809 | Temple   | Entered the Ecumenical Temple
  4942 | Temple   | Became a worshipper of Ashenzari the Shackled
  4985 | D:6      | Reached XP level 8. HP: 39/48 MP: 13/15
  4995 | D:6      | Found a sand-covered staircase.
  5002 | Ossuary  | Entered an ossuary
  5071 | Ossuary  | HP: 2/57 [hobgoblin zombie (1)]
  5071 | Ossuary  | Slain by a hobgoblin zombie

Illustrated notes

Levels and vault maps discovered:
D:1:      ldierk_water_garden, layout_rooms,
          hellmonk_ecumenical_altar_crossroads
D:2:      layout_basic
D:3:      layout_basic, mainiacjoe_overflow_six_doors_small
D:4:      layout_basic, lemuel_coloured_pillars_altar,
          mainiacjoe_overflow_brackets, small_statue_intersection
D:5:      layout_basic, grunt_temple_overflow_forces_of_nature,
          minmay_temple_entry_ruins
D:6:      layout_loops_ring, jmf_multi_god_temple,
          nicolae_ossuary_entry_monument, nicolae_specific_store, uniq_duvessa
Temple:   nicolae_temple_figure_zero
Ossuary:  ossuary_tomb_3

Skill      XL: |  1  2  3  4  5  6  7 |
---------------+----------------------+-----
Unarmed Combat | 4 |  4.2
Poison Magic   | 1 2 3 4 |  4.0
Transmutations | 3 4 5 |  5.2
Spellcasting   | 3 4 |  4.8
Ice Magic      | 3 |  3.3
Fighting       | |  1.0
Dodging        | |  2.0

Action                   |  1- 3 |  4- 6 |  7- 9 || total
-------------------------+-------+-------+-------++-------
Melee: Unarmed           |    50 |    91 |   109 ||   250
       Constrict         |    16 |    12 |       ||    28
       Tentacles         |     9 |     7 |       ||    16
       Kick              |     9 |     7 |       ||    16
       Punch             |     1 |     3 |       ||     4
 Cast: Beastly Appendage |    14 |    19 |       ||    33
       Spider Form       |       |     5 |     9 ||    14
       Wereblood         |       |       |     4 ||     4
       Ice Form          |       |       |     3 ||     3
  Use: Scroll            |     4 |     5 |       ||     9
       Potion            |     1 |     3 |     3 ||     7
 Stab: Sleeping          |     4 |     5 |     1 ||    10
Armor: Skin              |    10 |    17 |    25 ||    52
Dodge: Dodged            |    30 |    58 |    70 ||   158

Table legend: (Time is in decaauts)
 A = Elapsed time spent in this place.
 B = Non-inter-level travel time spent in this place.
 C = Inter-level travel time spent in this place.
 D = Time resting spent in this place.
 E = Time spent auto-exploring this place.
 F = Levels seen in this place.
 G = Mean time per level.
                   A        B        C        D        E       F      G
               +--------+--------+--------+--------+--------+-----+--------+
         Total |   5048 |   4901 |    147 |     31 |   4065 |   8 |  631.0 |
       Dungeon |   4837 |   4720 |    117 |     31 |   3927 |   6 |  806.2 |
        Temple |    145 |    115 |     30 |      0 |    112 |   1 |  145.0 |
       Ossuary |     65 |     65 |      0 |      0 |     26 |   1 |   65.0 |
               +--------+--------+--------+--------+--------+-----+--------+

Top non-repeatable levels by time:
     D:4: 1501 daAuts
     D:3: 1122 daAuts
     D:5: 978 daAuts
     D:2: 769 daAuts
     D:1: 436 daAuts
  Temple: 145 daAuts
 Ossuary: 65 daAuts
     D:6: 29 daAuts
